 Dungeon Crawl Stone Soup version 0.28-a0-1159-g27aa881441 (webtiles) character file.

Game seed: 3156776132736149898

438 patchburns1 the Chopper (level 7, 0/60 HPs)
             Began as a Hill Orc Fighter on Dec 16, 2021.
             Slain by a gnoll (3 damage)
             ... on level 4 of the Dungeon.
             The game lasted 00:10:46 (3407 turns).

patchburns1 the Chopper (Hill Orc Fighter)          Turns: 3407, Time: 00:10:47

Health: 0/60       AC: 17    Str: 21    XL:     7   Next: 1%
Magic:  8/8        EV:  6    Int:  8    God:
Gold:   104        SH:  5    Dex: 10    Spells: 6/6 levels left

rFire   . . .      SeeInvis .   a - +0 war axe
rCold   . . .      Faith    .   c - +1 buckler
rNeg    . . .      Spirit   .   o - +0 plate armour
rPois   .          Reflect  .   (no helmet)
rElec   .          Harm     .   r - +2 cloak
rCorr   .          Rampage  .   p - +1 pair of gloves
Will    .....                   (no boots)
Stlth   ..........              (no amulet)
HPRegen 0.20/turn               (no ring)
MPRegen 0.11/turn               (no ring)

@: no status effects
A: no striking features
a: no special abilities


You were on level 4 of the Dungeon.
You visited 1 branch of the dungeon, and saw 4 of its levels.

You collected 104 gold pieces.

Inventory:

Hand Weapons
 a - a +0 war axe (weapon)
 g - a +2 whip of venom
Missiles
 k - 72 arrows
 q - 48 stones (quivered)
Armour
 b - a +0 scale mail
 c - a +1 buckler (worn)
 o - a +0 plate armour (worn)
 p - a +1 pair of gloves (worn)
 r - a +2 cloak (worn)
Scrolls
 e - 3 scrolls of identify {unknown}
 f - a scroll of torment {unknown}
 h - a scroll of teleportation {unknown}
 j - a scroll of brand weapon {unknown}
 l - 2 scrolls of magic mapping {unknown}
 m - 3 scrolls of vulnerability {unknown}
Potions
 d - a potion of might
 i - 2 potions of lignification
 n - a potion of heal wounds {unknown}


   Skills:
 * Level 4.9 Fighting
 * Level 4.9 Axes
 + Level 1.4 Throwing
 * Level 4.7 Armour
 + Level 1.2 Dodging
 * Level 4.7 Shields
 + Level 2.2 Invocations


You had 6 spell levels left.
You didn't know any spells.
Your spell library contained the following spells:

 Spells                   Type           Power      Damage    Failure   Level
 Apportation              Tloc           0%         N/A       100%        1
 Alistair's Intoxication  Tmut/Pois      0%         N/A       100%        5


Dungeon Overview and Level Annotations

Branches:
Dungeon (4/15)
 Temple: D:4-7

Altars:
Dithmenos
Xom


Message History

You throw a stone. The stone hits the gnoll.
The gnoll is lightly wounded.
The gnoll hits you but does no damage.
Throw: 52 stones
Press: ? - help, Q - select action Shift-Dir - straight line, f/p - gnoll
Aim: a gnoll, wielding a +0 spear (lightly wounded, 61% to hit)
You throw a stone. The stone barely misses the gnoll.
The gnoll completely misses you.
Throw: 51 stones
Press: ? - help, Q - select action Shift-Dir - straight line, f/p - gnoll
Aim: a gnoll, wielding a +0 spear (lightly wounded, 61% to hit)
You throw a stone.
The stone hits the gnoll but does no damage.
The gnoll is lightly wounded.
The gnoll hits you from afar with a +0 spear.
* * * LOW HITPOINT WARNING * * *
Throw: 50 stones
Press: ? - help, Q - select action Shift-Dir - straight line, f/p - gnoll
Aim: a gnoll, wielding a +0 spear (lightly wounded, 61% to hit)
You throw a stone. The stone barely misses the gnoll.
You block the gnoll's attack.
You cannot move.
Unknown command.
You cannot move.
Unknown command.
Throw: 49 stones
Press: ? - help, Q - select action Shift-Dir - straight line, f/p - gnoll
Aim: a gnoll, wielding a +0 spear (lightly wounded, 61% to hit)
You throw a stone. The stone barely misses the gnoll.
The gnoll hits you but does no damage.
You barely miss the worm. You block the gnoll's attack.
You block the worm's attack. The gnoll hits you but does no damage.
You slash the worm!
The worm is heavily wounded.
You feel less wooden.
Your +2 cloak unmelds from your body.
Your +1 pair of gloves unmelds from your body.
Your +0 plate armour unmelds from your body.
The gnoll hits you from afar with a +0 spear.
You die...

#### #.(########..
#...)g.......
#..##..####.
#.g##.S# #))##..#
#w@##g.#
....<<............
##.###....?......#
#....#####..#
......# .#
##..#..# # #$##..#
.. ...#


You could see a worm and a gnoll.

Vanquished Creatures
  Sigmund (D:3)
  A gnoll shaman (D:4)
  Natasha (thrice) (D:3)
  Terence (D:3)
  Robin (D:3)
  3 gnolls (D:4)
  4 adders
  An ufetubus (D:3)
  2 dart slugs
  7 bats
  4 endoplasms
  A giant cockroach (D:3)
  10 goblins
  9 hobgoblins
  5 jackals (D:1)
  6 kobolds
  6 quokkas
  3 ball pythons (D:1)
  5 frilled lizards
  6 rats
79 creatures vanquished.

Notes
Turn   | Place    | Note
-------+----------+-------------------------------------------
     0 | D:1      | patchburns1 the Hill Orc Fighter began the quest for the
                  | Orb.
     0 | D:1      | Reached XP level 1. HP: 19/19 MP: 1/1
   253 | D:1      | Reached XP level 2. HP: 26/27 MP: 2/2
   302 | D:1      | You fall into a shaft and drop 1 floor!
   319 | D:2      | Reached XP level 3. HP: 11/33 MP: 3/3
   670 | D:2      | Found a shimmering altar of Xom.
  1596 | D:1      | Reached XP level 4. HP: 40/40 MP: 4/4
  1951 | D:3      | Noticed Sigmund
  1977 | D:3      | Killed Sigmund
  1978 | D:3      | Reached skill level 1 in Throwing
  1978 | D:3      | Reached skill level 1 in Invocations
  1978 | D:3      | Reached XP level 5. HP: 30/47 MP: 4/6
  2310 | D:3      | Reached XP level 6. HP: 52/53 MP: 7/7
  2336 | D:3      | Noticed Natasha
  2349 | D:3      | Killed Natasha
  2503 | D:3      | Noticed Robin
  2566 | D:3      | Killed Robin
  2567 | D:3      | Reached skill level 1 in Dodging
  2679 | D:3      | Noticed Natasha
  2682 | D:3      | Killed Natasha
  2848 | D:3      | Found a shadowy altar of Dithmenos.
  2857 | D:3      | Noticed Natasha
  2871 | D:3      | Killed Natasha
  3118 | D:3      | Noticed Terence
  3131 | D:3      | Killed Terence
  3389 | D:4      | HP: 3/82 [gnoll (2)]
  3391 | D:4      | Reached XP level 7. HP: 4/60 MP: 8/8
  3403 | D:4      | HP: 4/90 [gnoll (3)]
  3407 | D:4      | Slain by a gnoll

Illustrated notes

Levels and vault maps discovered:
D:1:      minmay_arrival_open_corners, layout_loops_cross, minmay_hexomino_p4
D:2:      layout_loops_ring, basic_altar, st_stairs_5,
          minmay_misc_feat_more_columns
D:3:      layout_loops_ring, mainiacjoe_overflow_surrounded_room,
          kennysheep_big_empty_room, minmay_diced_spiral, uniq_terence,
          uniq_robin, uniq_sigmund, uniq_natasha
D:4:      cheibrodos_helix_gallery, layout_loops_ring, bh_walls_and_bars,
          uniq_edmund

Skill      XL: |  1  2  3  4  5  6 |
---------------+-------------------+-----
Axes           | 3 4 |  4.9
Fighting       | 4 |  4.9
Throwing       | 1 |  1.4
Armour         | 4 |  4.7
Shields        | 4 |  4.7
Invocations    | 1 2 |  2.2
Dodging        | 1 |  1.2

Action                   |  1- 3 |  4- 6 |  7- 9 || total
-------------------------+-------+-------+-------++-------
Melee: War axe           |   102 |   152 |     2 ||   256
Throw: Stone             |       |       |     7 ||     7
  Use: Scroll            |       |     2 |       ||     2
       Potion            |       |     1 |       ||     1
Armor: Scale mail        |    56 |    41 |       ||    97
       Plate armour      |       |    71 |       ||    71
       Skin              |       |     5 |    12 ||    17
Dodge: Dodged            |    68 |    73 |     1 ||   142
Block: Buckler           |    22 |    59 |     4 ||    85

Table legend: (Time is in decaauts)
 A = Elapsed time spent in this place.
 B = Non-inter-level travel time spent in this place.
 C = Inter-level travel time spent in this place.
 D = Time resting spent in this place.
 E = Time spent auto-exploring this place.
 F = Levels seen in this place.
 G = Mean time per level.
                   A        B        C        D        E       F      G
               +--------+--------+--------+--------+--------+-----+--------+
         Total |   3501 |   3429 |     72 |    269 |   2182 |   4 |  875.2 |
       Dungeon |   3501 |   3429 |     72 |    269 |   2182 |   4 |  875.2 |
               +--------+--------+--------+--------+--------+-----+--------+

Top non-repeatable levels by time:
     D:3: 1492 daAuts
     D:2: 1046 daAuts
     D:1: 910 daAuts
     D:4: 51 daAuts
